 Dungeon Crawl Stone Soup version 0.26.1-2-gb8aa6d0cf2 (webtiles) character file.

Game seed: 1539261643720626368

108 Craboon the Sneak (level 5, -3/28 HPs)
             Began as a Kobold Venom Mage on Feb 26, 2021.
             Was an Initiate of Sif Muna.
             Slain by a phantom (8 damage)
             ... on level 4 of the Dungeon.
             The game lasted 00:15:36 (2501 turns).

Craboon the Sneak (Kobold Venom Mage)               Turns: 2501, Time: 00:15:37

Health: -3/28      AC:  7    Str:  6    XL:     5   Next: 12%
Magic:  6/10       EV: 16    Int: 17    God:    Sif Muna [......]
Gold:   152        SH:  0    Dex: 15    Spells: 10/11 levels left

rFire    . . .     SeeInvis .   e - +1 dagger (speed)
rCold    . . .     Faith    .   (shield restricted)
rNeg     . . .     Spirit   .   o - +0 robe
rPois    .         Reflect  .   (no helmet)
rElec    .         Harm     .   (no cloak)
rCorr    .         Rampage  .   g - +0 pair of gloves
Will     .....                  (no boots)
Stlth    ++++......             (no amulet)
HPRegen  0.09/turn              s - +4 ring of protection
MPRegen  0.12/turn              (no ring)

@: no status effects
A: small, nightstalker 3
a: Renounce Religion


You were on level 4 of the Dungeon.
You worshipped Sif Muna.
Sif Muna was noncommittal.
You visited 1 branch of the dungeon, and saw 4 of its levels.

You collected 152 gold pieces.

Inventory:

Hand Weapons
 e - a +1 dagger of speed (weapon)
 q - a +0 scimitar of holy wrath
Missiles
 k - 19 bolts
 m - a throwing net
Armour
 a - a +0 robe
 g - a +0 pair of gloves (worn)
 o - a +0 robe (worn)
Jewellery
 s - a +4 ring of protection (left hand)
Wands
 p - a wand of acid (8)
 v - a wand of random effects (16)
Scrolls
 c - 2 scrolls of magic mapping
 d - 2 scrolls of teleportation {unknown}
 i - a scroll of enchant armour {unknown}
 j - a scroll of remove curse {unknown}
 t - a scroll of fog {unknown}
Potions
 b - 4 potions of heal wounds
 f - 2 potions of haste
 h - 3 potions of flight {unknown}
 l - a potion of degeneration {unknown}
 n - 2 potions of lignification {unknown}
 r - a potion of resistance {unknown}
 u - 2 potions of mutation {unknown}


   Skills:
 * Level 1.1 Short Blades
 + Level 3.4 Dodging
 - Level 4.0 Stealth
 * Level 3.6 Spellcasting
 - Level 1.0 Transmutations
 + Level 3.3 Poison Magic


You had 10 spell levels left.
You knew the following spells:

 Your Spells              Type           Power        Failure   Level
a - Sting                 Tmut/Pois      40%          7%          1

Your spell library contained the following spells:

 Spells                   Type           Power        Failure   Level
 Poisonous Vapours        Pois/Air       16%          13%         2
 Foxfire                  Conj/Fire      12%          17%         1
 Ignite Poison            Fire/Tmut/Pois 7%           26%         3
 Mephitic Cloud           Conj/Pois/Air  6%           30%         3
 Olgreb's Toxic Radiance  Pois           14%          38%         4


Dungeon Overview and Level Annotations

Branches:
Dungeon (4/15)
 Temple: D:4-7

Altars:
Sif Muna
Trog
Wu Jian
Xom


Innate Abilities, Weirdness & Mutations

You are small and have problems with some larger weapons.
You are completely attuned to the shadows.


Message History

The phantom hits you!
You miss the phantom.
The phantom is lightly damaged.
The phantom closely misses you.
You hit the phantom but do no damage.
The phantom is lightly damaged.
You hit the phantom.
The phantom is moderately damaged.
The phantom hits you but does no damage.
You hit the phantom.
The phantom is moderately damaged.
The phantom hits you but does no damage.
You hit the phantom but do no damage.
The phantom is moderately damaged.
You barely miss the phantom.
The phantom is moderately damaged.
The phantom hits you.
* * * LOW HITPOINT WARNING * * *
The phantom hits you!
You die...

#.# #.# #.#
#.# #.## ..
#..## o..
##..## .?.#
#...##
....####.@..#
......).W..##
....#####..#
..## ##.## .
##.# #.# ##.#
######.##
..###.....##


You could see a phantom.

Vanquished Creatures
  Jessica (D:2)
  An orc wizard (D:4)
  A gnoll (D:2)
  An adder (D:3)
  An ooze (D:1)
  2 dart slugs
  A leopard gecko (D:1)
  3 giant cockroaches
  6 hobgoblins
  5 kobolds
  A frilled lizard (D:1)
  2 goblins (D:2)
  5 rats
30 creatures vanquished.

Notes
Turn   | Place    | Note
-------+----------+-------------------------------------------
     0 | D:1      | Craboon the Kobold Venom Mage began the quest for the Orb.
     0 | D:1      | Reached XP level 1. HP: 10/10 MP: 3/3
   144 | D:1      | Reached skill level 3 in Stealth
   144 | D:1      | Reached XP level 2. HP: 15/15 MP: 0/5
   693 | D:1      | Reached XP level 3. HP: 15/19 MP: 2/7
  1032 | D:2      | Found an ornate altar of the Wu Jian Council.
  1508 | D:2      | Found a bloodstained altar of Trog.
  1511 | D:2      | Noticed Jessica
  1523 | D:2      | Killed Jessica
  1524 | D:2      | Reached XP level 4. HP: 9/24 MP: 3/8
  1811 | D:2      | Found a shimmering blue altar of Sif Muna.
  1816 | D:2      | Identified Sif Muna's Compendium of the Arsonist
  2063 | D:2      | Became a worshipper of Sif Muna the Loreminder
  2389 | D:4      | Found a shimmering altar of Xom.
  2446 | D:4      | Noticed a phantom
  2463 | D:4      | Reached skill level 1 in Short Blades
  2463 | D:4      | Reached skill level 4 in Stealth
  2463 | D:4      | Reached XP level 5. HP: 24/28 MP: 5/10
  2501 | D:4      | Slain by a phantom

Illustrated notes

Levels and vault maps discovered:
D:1:      lightli_arrival_lavapool, layout_basic
D:2:      layout_basic, nzn_overflow_gifts_of_might_and_magic,
          lemuel_crystal_altar, nrook_mini_vaults
D:3:      layout_loops_corners, minmay_rat_hole, uniq_sigmund
D:4:      layout_layer_cave, xom_butterflies, minmay_temple_entry_ruins,
          nicolae_ossuary_entry_monument

Skill      XL: |  1  2  3  4 |
---------------+-------------+-----
Stealth        | 3 4 |  4.0
Dodging        | 3 |  3.4
Spellcasting   | 3 |  3.6
Short Blades   | 1 |  1.1
Transmutations | |  1.0
Poison Magic   | |  3.3

Action                   |  1- 3 |  4- 6 || total
-------------------------+-------+-------++-------
Melee: Unarmed           |     1 |       ||     1
       Dagger            |    45 |    63 ||   108
 Cast: Sting             |    27 |    15 ||    42
  Use: Scroll            |       |     3 ||     3
Armor: Robe              |     3 |     9 ||    12
Dodge: Dodged            |    39 |    29 ||    68
